[Event "SS Manhem Chess Week 2022: Goteborg Open"]
[Site "Schackcentrum, Vegagatan 20, Gothenburg, Sweden"]
[Date "2022.08.13"]
[Round "6.14"]
[White "Degerfeldt, Sven"]
[Black "Al Saab, Ranny"]
[Result "1-0"]
[TimeControl "15 minutes + 5 seconds per move from move one (Round 1 - 4) / 90 minutes + 30 seconds per move from move one (Round 5 - 8)"]
[WhiteFideId "1717430"]
[BlackFideId "1768360"]
[WhiteElo "1842"]
[BlackElo "1516"]

1. d4 d5 2. Nf3 Bf5 3. c4 e6 4. Nc3 Bb4 5. e3 Ne7 6. Bd2 O-O 7. a3 Bxc3 8. Bxc3 Nbc6 9. Rc1 h6 10.
c5 Re8 11. b4 a6 12. Be2 Ng6 13. O-O Qf6 14. Qb3 Bg4 15. Rfe1 Bxf3 16. Bxf3 Nh4 17. Be2 Ne7 18. Qd1 Qg5 19.
g3 Nhf5 20. Bd2 Qf6 21. Bf3 c6 22. Bc3 Ng6 23. Bg2 Qd8 24. Qg4 Qg5 25. Qxg5 hxg5 26. e4 Nfe7 27. e5 Nf5 28. Bf1 Nge7 29.
Rcd1 Nc8 30. a4 Na7 31. Bb2 f6 32. Bd3 Kf7 33. Kg2 Nh6 34. Bc1 Nf5 35. Be2 Rh8 36. exf6 gxf6 37. Bg4 Ng7 38.
Be2 Nc8 39. Bd3 Ne7 40. h3 Ngf5 41. Bc2 Rae8 42. Re2 Rhg8 43. Bb2 Ng6 44. Bxf5 exf5 45. Rde1 f4 46. Rxe8 Rxe8 47. Rxe8 Kxe8 48.
Bc1 fxg3 49. fxg3 Ke7 50. Kf3 Ke6 51. Kg4 Ne7 52. Be3 Nf5 53. Bf2 Ng7 54. h4 gxh4 55. gxh4 Kf7 56. h5 Ne8 57.
Bg3 Kg7 58. Bf4 Kf7 59. h6 f5+ 60. Kxf5 Nf6 61. Be5 Nh7 62. Bg7 Nf8 63. Bxf8 Kxf8 64. Ke6 1-0

[Event "SS Manhem Chess Week 2022: Goteborg Open"]
[Site "Schackcentrum, Vegagatan 20, Gothenburg, Sweden"]
[Date "2022.08.13"]
[Round "6.16"]
[White "Kosmidis, Thomas"]
[Black "Karlsson, Stefan"]
[Result "1/2-1/2"]
[TimeControl "15 minutes + 5 seconds per move from move one (Round 1 - 4) / 90 minutes + 30 seconds per move from move one (Round 5 - 8)"]
[WhiteFideId "1753380"]
[BlackFideId "1771183"]
[WhiteElo "1673"]
[BlackElo "1560"]

1. d4 Nf6 2. c4 e6 3. Nc3 Bb4 4. Qc2 O-O 5. Nf3 c5 6. a3 Bxc3+ 7. Qxc3 cxd4 8. Nxd4 d5 9. e3 Re8 10.
Be2 e5 11. Nf3 Nc6 12. cxd5 Nxd5 13. Qc2 e4 14. Nd4 Nxd4 15.
exd4 e3 16. O-O exf2+ 17. Rxf2 Qh4 18. Qd1 Re4 19. g3 Qe7 20. Qd3 Bh3 21. Bd2 Nf6 22. Bf3 Re6 23. Bb4 Qd7 24. Bc3 Rae8 25.
Re2 Rxe2 26. Bxe2 Ne4 27. Bf3 Ng5 28. Bh1 Bf5 29. Qd2 Nh3+ 30. Kf1 Bg4 31. Qd3 Be2+ 32. Qxe2 Rxe2 33. Kxe2 Qb5+ 34.
Ke3 Qg5+ 35. Ke2 Qe7+ 36. Kd2 Nf2 37. Re1 Qg5+ 38. Kc2 Qf5+ 39. Kb3 Qb5+ 40. Kc2 Nxh1 41. Rxh1 Qe2+ 42. Kc1 Qe3+ 43.
Bd2 Qxd4 44. Re1 Qc5+ 45. Bc3 h6 46. Re2 Kh7 47. Kd1 h5 48. Ke1 Qg1+ 1/2-1/2

[Event "SS Manhem Chess Week 2022: Goteborg Open"]
[Site "Schackcentrum, Vegagatan 20, Gothenburg, Sweden"]
[Date "2022.08.13"]
[Round "6.17"]
[White "Hammar, Arvid"]
[Black "Josefsson, Ivar"]
[Result "0-1"]
[TimeControl "15 minutes + 5 seconds per move from move one (Round 1 - 4) / 90 minutes + 30 seconds per move from move one (Round 5 - 8)"]
[WhiteFideId "1735977"]
[BlackFideId "1766040"]
[WhiteElo "1384"]
[BlackElo "1565"]

1. c4 e6 2. Nc3 d5 3. e3 c5 4. d4 Nc6 5. Nf3 Nf6 6. cxd5 exd5 7. Bb5 a6 8. Qa4 Bd7 9. Bxc6 Bxc6 10.
Qc2 Be7 11. O-O O-O 12. Ne5 Qc7 13. f4 Rae8 14. b3 cxd4 15. exd4 Bb5 16. Rf3 Ne4 17. Bb2 Rc8 18. a4 Bd7 19. Qd3 Nxc3 20. Bxc3 f6 21. Nxd7 Qxd7 22. f5 Bd6 23. Re1 Qc7 24. Rh3 Rfe8 25.
Rxe8+ Rxe8 26. Qf3 Qf7 27. Bd2 Re4 28. Qc3 Qc7 29. Rh5 Qxc3 30. Bxc3 Re3 31. Rh3 Rxh3 32. gxh3 g6 33. fxg6 hxg6 34.
Kg2 Kh7 35. Be1 Kh6 36. Bg3 Bb4 37. Kf3 Kg5 38. h4+ Kf5 39. h3 Ke6 40. Ke3 f5 {White's phone was turned on
in the playing area.} 0-1

[Event "SS Manhem Chess Week 2022: Goteborg Open"]
[Site "Schackcentrum, Vegagatan 20, Gothenburg, Sweden"]
[Date "2022.08.13"]
[Round "6.18"]
[White "Andreasson, Leo"]
[Black "Westman, Lennart"]
[Result "0-1"]
[TimeControl "15 minutes + 5 seconds per move from move one (Round 1 - 4) / 90 minutes + 30 seconds per move from move one (Round 5 - 8)"]
[WhiteFideId "1768980"]
[BlackFideId "1718690"]
[WhiteElo "1132"]
[BlackElo "1655"]

1. Nf3 d5 2. d4 Nf6 3. c4 c6 4. e3 Qb6 5. Nc3 Bg4 6. h3 Bxf3 7. Qxf3 e6 8. c5 Qc7 9. Bd3 Be7 10.
O-O O-O 11. Bd2 Nbd7 12. Rfe1 Rfe8 13. Rad1 b6 14. b4 bxc5 15. bxc5 e5 16. Bf1 e4 17. Qe2 Nf8 18. Rb1 Rab8 19.
Qa6 N6d7 20. Rec1 f5 21. Re1 Bg5 22. a3 Ne6 23. Ne2 Nf6 24. Ba5 Qd7 25. Bd2 Bh6 26. Qa4 g5 27. Ng3 Ng7 28.
Rxb8 Rxb8 29. Qd1 f4 30. Nh1 Nf5 31. exf4 gxf4 32. Bc3 Qg7 33. Bd2 Nxd4 34. Be2 Nxe2+ 0-1

[Event "SS Manhem Chess Week 2022: Goteborg Open"]
[Site "Schackcentrum, Vegagatan 20, Gothenburg, Sweden"]
[Date "2022.08.14"]
[Round "7.1"]
[White "Jacobsen, Mikkel Manosri"]
[Black "Kasib, Laith"]
[Result "1-0"]
[TimeControl "15 minutes + 5 seconds per move from move one (Round 1 - 4) / 90 minutes + 30 seconds per move from move one (Round 5 - 8)"]
[WhiteTitle "FM"]
[BlackTitle "FM"]
[WhiteFideId "1444514"]
[BlackFideId "4801059"]
[WhiteElo "2320"]
[BlackElo "2051"]

1. d4 Nf6 2. c4 g6 3. Nf3 Bg7 4. e3 O-O 5. Be2 d6 6. O-O Bf5 7. Qb3 Qc8 8. Nc3 Ne4 9. Nd5 Nc6 10.
Bd3 e6 11. Nb4 Nxb4 12. Qxb4 Ng3 13. Rd1 Bxd3 14. Rxd3 c5 15. Qb5 Ne4 16. Nd2 Nxd2 17. Bxd2 cxd4 18. exd4 e5 19. dxe5 dxe5 20.
Be3 a6 21. Qb4 Rd8 22. Rxd8+ Qxd8 23. Qxb7 Rb8 24. Qxa6 Rxb2 25. c5 f5 26. Qe6+ Kh8 27. c6 h6 28. g3 f4 29. Qd7 Qb8 30. c7 Rb1+ 31. Bc1 Qb4 32. c8=Q+ Kh7 33. Qd5 Qe1+ 34.
Kg2 f3+ 35. Qxf3 Rxa1 36. Qd5 1-0

[Event "SS Manhem Chess Week 2022: Goteborg Open"]
[Site "Schackcentrum, Vegagatan 20, Gothenburg, Sweden"]
[Date "2022.08.14"]
[Round "7.2"]
[White "Nygren, Kim"]
[Black "Heimisson, Hilmir Freyr"]
[Result "1-0"]
[TimeControl "15 minutes + 5 seconds per move from move one (Round 1 - 4) / 90 minutes + 30 seconds per move from move one (Round 5 - 8)"]
[WhiteTitle "CM"]
[BlackTitle "IM"]
[WhiteFideId "1706136"]
[BlackFideId "2309998"]
[WhiteElo "2229"]
[BlackElo "2323"]

1. e4 c5 2. Nf3 d6 3. d4 cxd4 4. Nxd4 Nf6 5. Nc3 Nc6 6. Bc4 Qb6 7. Ndb5 a6 8. Be3 Qa5 9. Nd4 Ng4 10.
Nxc6 bxc6 11. Bd2 e5 12. O-O Qc7 13. b4 Be7 14. a4 O-O 15. Qe2 Nf6 16. Rfb1 Bb7 17. a5 d5 18. Bd3 Rfd8 19.
f3 dxe4 20. Nxe4 Nxe4 21. fxe4 c5 22. bxc5 Bxc5+ 23. Kh1 Rd6 24. Rf1 Bc8 25. Qh5 Be6 26. Rab1 f6 27. Qh4 Bf7 28. Qg3 Rb8 29.
Rxb8+ Qxb8 30. h4 Kh8 31. Qg4 Be6 32.
Qe2 Qc8 33. Rb1 h6 34. Be3 Bg4 35. Qd2 Bd4 36. Bxd4 Rxd4 37. Rb6 Qd8 38. Qf2 f5 39. exf5 Rf4 40. Qg3 Bh5 41. f6 Rxf6 42.
Rb7 Bf7 43. Qxe5 Re6 44. Rb8 Rxe5 45. Rxd8+ Re8 46. Rxe8+ Bxe8 47. Bxa6 Bc6 48. c4 Kg8 49. Bb5 Ba8 50. c5 Kf7 51.
c6 Ke7 52. c7 Bb7 53. a6 Kd6 54. axb7 Kxc7 55. Bc6 1-0

[Event "SS Manhem Chess Week 2022: Goteborg Open"]
[Site "Schackcentrum, Vegagatan 20, Gothenburg, Sweden"]
[Date "2022.08.14"]
[Round "7.3"]
[White "Rasti, Arvin"]
[Black "Pettersson, Anders"]
[Result "1-0"]
[TimeControl "15 minutes + 5 seconds per move from move one (Round 1 - 4) / 90 minutes + 30 seconds per move from move one (Round 5 - 8)"]
[WhiteFideId "1741160"]
[BlackFideId "1715143"]
[WhiteElo "2156"]
[BlackElo "2042"]

1. d4 d5 2. Nf3 e6 3. g3 b6 4. c4 Bb7 5. Bg2 dxc4 6. Qa4+ Nd7 7. Qxc4 Ngf6 8. O-O Be7 9. Nc3 O-O 10.
Bf4 Bd6 11. Bxd6 cxd6 12. Rac1 Ne4 13. Nxe4 Bxe4 14. Qc7 Nf6 15. Nd2 Bxg2 16. Kxg2 Rc8 17. Qxa7 Ra8 18. Qc7 Rxa2 19. Qc2 Qa8+ 20.
Kg1 Qd5 21. e3 Qb5 22. Nc4 d5 23. Qb1 Rfa8 24. Nxb6 Rxb2 25. Nxa8 Rxb1 26. Rxb1 Qe8 27. Nc7 Qd8 28. Ra1 1-0

[Event "SS Manhem Chess Week 2022: Goteborg Open"]
[Site "Schackcentrum, Vegagatan 20, Gothenburg, Sweden"]
[Date "2022.08.14"]
[Round "7.5"]
[White "Eldh, Hjalmar"]
[Black "Wahlstrom, Lennart"]
[Result "0-1"]
[TimeControl "15 minutes + 5 seconds per move from move one (Round 1 - 4) / 90 minutes + 30 seconds per move from move one (Round 5 - 8)"]
[WhiteFideId "1767968"]
[BlackFideId "1706829"]
[WhiteElo "1711"]
[BlackElo "2115"]

1. e4 e5 2. Nf3 Nc6 3. Bc4 Nf6 4. Ng5 d5 5. exd5 Na5 6. Bb5+ Bd7 7. Qe2 Be7 8. Nf3 Nxd5 9. Nxe5 Bxb5 10.
Qxb5+ c6 11. Qd3 Bd6 12. Nc4 Qe7+ 13. Ne3 Nf4 14. Qc3 Nxg2+ 15. Kf1 Nxe3+ 16. Qxe3 Nc4 17. Qxe7+ Kxe7 18. d3 Nb6 19.
Nc3 Be5 20. Bd2 f6 21. Re1 Kf7 22. Ne4 Rhe8 23. d4 Bc7 24. Kg2 Rad8 25. c3 Nc4 26. Bc1 b6 27. b3 Nd6 28. Ng3 g6 29.
Bf4 Nb5 30. Bxc7 Nxc7 31. Re3 Nd5 32. Rxe8 Rxe8 33. c4 Nb4 34. Kf3 Re7 35. Ra1 Nc2 36. Rd1 f5 37. d5 Ne1+ 38. Kf4 Ng2+ 39. Kf3 Nh4+ 40. Kf4 Kf6 41.
Nf1 Re4+ 42. Kg3 Rg4+ 43. Kh3 Ng2 44. Ng3 Nf4# 0-1

[Event "SS Manhem Chess Week 2022: Goteborg Open"]
[Site "Schackcentrum, Vegagatan 20, Gothenburg, Sweden"]
[Date "2022.08.14"]
[Round "7.6"]
[White "Johansson, William"]
[Black "Imani Lasaki, Hamed"]
[Result "1-0"]
[TimeControl "15 minutes + 5 seconds per move from move one (Round 1 - 4) / 90 minutes + 30 seconds per move from move one (Round 5 - 8)"]
[WhiteFideId "1744070"]
[BlackFideId "1766970"]
[WhiteElo "2015"]
[BlackElo "1577"]

1. d4 d5 2. Nf3 Nf6 3. c3 Bf5 4. Qb3 b6 5. Bf4 e6 6. e3 a6 7. Ne5 Bd6 8. Qa4+ Nfd7 9. Bb5 Bxe5 10.
Bxe5 O-O 11. Bg3 Nf6 12. Nd2 Nbd7 13. Bc6 Ra7 14. O-O Bd3 15. Rfc1 b5 16. Qd1 Nb8 17. Nf3 Bg6 18. Ne5 Nh5 19.
a4 Nxg3 20. hxg3 Qd6 21. axb5 f6 22. Nxg6 hxg6 23. Qa4 Nxc6 24. bxc6 Rb8 25. c4 Rb4 26. c5 Rxa4 27. cxd6 Rxa1 28.
Rxa1 cxd6 29. b4 e5 30. b5 Rc7 31. bxa6 Rxc6 32. a7 Rc8 33. a8=Q Rxa8 34. Rxa8+ Kf7 35. Ra7+ Ke6 36. Rxg7 g5 37.
g4 e4 38. Kh2 f5 39. Rg6+ Ke7 40. gxf5 g4 41. Kg3 Kd7 42. Kf4 g3 43. fxg3 Ke7 44. Kg5 Kd7 45. f6 Ke6 46. g4 Kf7 47.
Rg7+ Kf8 48. Kg6 Ke8 49. f7+ Ke7 50. g3 Ke6 1-0

[Event "SS Manhem Chess Week 2022: Goteborg Open"]
[Site "Schackcentrum, Vegagatan 20, Gothenburg, Sweden"]
[Date "2022.08.14"]
[Round "7.7"]
[White "Fransson, Lennart"]
[Black "Westlund, Tim"]
[Result "0-1"]
[TimeControl "15 minutes + 5 seconds per move from move one (Round 1 - 4) / 90 minutes + 30 seconds per move from move one (Round 5 - 8)"]
[WhiteFideId "1706756"]
[BlackFideId "1754718"]
[WhiteElo "1958"]
[BlackElo "1760"]

1. c4 e5 2. g3 Nf6 3. Nc3 d5 4. cxd5 Nxd5 5. Bg2 Nb6 6. Nf3 Nc6 7. O-O Be7 8. d3 O-O 9. a3 Be6 10.
b4 a5 11. b5 Nd4 12. Nd2 c6 13. bxc6 Nxc6 14. Na4 Nd5 15. Rb1 Rb8 16. Bb2 b5 17. Nc3 Nxc3 18. Bxc3 Bd5 19. Bxd5 Qxd5 20.
Bb2 Nd4 21. e3 Nc6 22. Qb3 Qxb3 23. Nxb3 a4 24. Na1 b4 25. axb4 Bxb4 26. Nc2 Be7 27. Ba3 Bxa3 28. Nxa3 h6 29.
Rfc1 Rxb1 30. Rxb1 Rd8 31. Rd1 Kf8 32. Kf1 Ke7 33. Ke2 Kd6 34. Rb1 Rb8 35. Nc4+ Kc5 36. Ra1 Ra8 37. Kd2 Na5 38.
Kc3 Nxc4 39. dxc4 a3 40. Ra2 e4 41. Kb3 Ra7 42. Kc3 Rd7 43. Kb3 Rd3+ 0-1

[Event "SS Manhem Chess Week 2022: Goteborg Open"]
[Site "Schackcentrum, Vegagatan 20, Gothenburg, Sweden"]
[Date "2022.08.14"]
[Round "7.8"]
[White "Lindholm, Marcus"]
[Black "Eriksson, Joel"]
[Result "1/2-1/2"]
[TimeControl "15 minutes + 5 seconds per move from move one (Round 1 - 4) / 90 minutes + 30 seconds per move from move one (Round 5 - 8)"]
[WhiteFideId "1743473"]
[BlackFideId "1729233"]
[WhiteElo "1666"]
[BlackElo "1949"]

1. d4 e6 2. e4 b6 3. Nc3 Bb7 4. a3 Nf6 5. e5 Nd5 6. Nxd5 Bxd5 7. Nf3 d6 8. Bb5+ c6 9. Ba4 b5 10.
Bb3 Bxb3 11. cxb3 d5 12. O-O c5 13. Bg5 Qb6 14. dxc5 Bxc5 15. b4 Be7 16. Bxe7 Kxe7 17. Qd4 Qxd4 18.
Nxd4 a6 19. Rac1 Kd7 20. Rc5 Rc8 21. Rfc1 Rxc5 22. Rxc5 Ra7 23. f4 Rc7 24. Kf2 Nc6 25. Nxc6 Rxc6 26. Ke3 Kc7 27. Kd4 Kb6 28.
g4 g6 29. g5 Rc7 30. Rxc7 Kxc7 31. Kc5 1/2-1/2

[Event "SS Manhem Chess Week 2022: Goteborg Open"]
[Site "Schackcentrum, Vegagatan 20, Gothenburg, Sweden"]
[Date "2022.08.14"]
[Round "7.9"]
[White "Ottgard, Andreas"]
[Black "Sundin, Sven-Ingvar"]
[Result "1-0"]
[TimeControl "15 minutes + 5 seconds per move from move one (Round 1 - 4) / 90 minutes + 30 seconds per move from move one (Round 5 - 8)"]
[WhiteFideId "1730592"]
[BlackFideId "1724517"]
[WhiteElo "1883"]
[BlackElo "1637"]

1. c4 c5 2. g3 g6 3. Bg2 Bg7 4. Nc3 Nc6 5. d3 Nf6 6. e4 e5 7. Nge2 O-O 8. O-O d6 9. h3 Rb8 10.
Be3 a6 11. a4 Be6 12. Rb1 Qd7 13. Kh2 Ne8 14. f4 f5 15. Qd2 b6 16. b3 Nb4 17. fxe5 Bxe5 18. d4 cxd4 19. Nxd4 Bxd4 20.
Bxd4 Nc6 21. Be3 Nf6 22. Bh6 Rfd8 23. exf5 Bxf5 24. Rxf5 Qxf5 25. Rf1 Qe5 26. Bxc6 Nh5 27. Bd5+ Kh8 28.
Ne4 Ng7 29. Ng5 1-0

[Event "SS Manhem Chess Week 2022: Goteborg Open"]
[Site "Schackcentrum, Vegagatan 20, Gothenburg, Sweden"]
[Date "2022.08.14"]
[Round "7.10"]
[White "Josefsson, Ivar"]
[Black "Degerfeldt, Sven"]
[Result "1-0"]
[TimeControl "15 minutes + 5 seconds per move from move one (Round 1 - 4) / 90 minutes + 30 seconds per move from move one (Round 5 - 8)"]
[WhiteFideId "1766040"]
[BlackFideId "1717430"]
[WhiteElo "1565"]
[BlackElo "1842"]

1. d4 d5 2. c4 e6 3. Nc3 a6 4. cxd5 exd5 5. Bf4 Nf6 6. e3 Be7 7. Bd3 c6 8. Nge2 Be6 9. O-O O-O 10.
Qc2 Nbd7 11. f3 c5 12. dxc5 Nxc5 13. Rfd1 Nxd3 14. Qxd3 b5 15. Nd4 Qb6 16. Rac1 Rac8 17. Bg3 Rfd8 18.
Nce2 Nd7 19. Rxc8 Rxc8 20. Bf2 Nc5 21. Qd2 Qd6 22. Nf4 Bg5 23. Bg3 Bxf4 24. Bxf4 Qd7 25. Nc2 Qb7 26. Nb4 Rd8 27.
Qd4 Qb6 28. Rc1 Na4 29. Qxb6 Nxb6 30. b3 h6 31. Rc6 a5 32. Rxb6 axb4 33. Rxb5 Ra8 34. Rb8+ Rxb8 35. Bxb8 Bf5 36.
Bd6 Bb1 37. a4 bxa3 38. Bxa3 Ba2 39. b4 Bc4 40. Kf2 g6 41. Ke1 Kf8 42. Kd2 Ke8 43. Kc3 Bf1 44. g3 Bg2 45. f4 Kd7 46.
b5 Bf1 47. Kb4 Kc7 48. Kc5 Kb7 49. Bb2 h5 50. Bd4 Kc8 51. Kc6 Be2 52. b6 Ba6 53. Kxd5 Kd7 54. Ke5 Bc4 55. e4 Kc6 56.
f5 gxf5 57. Kxf5 Be2 58. e5 Bg4+ 59. Kg5 Kb7 60. Kf6 Be6 61. h3 Kc6 62. g4 hxg4 63. hxg4 Bc4 64. g5 Bb3 65. g6 fxg6 66.
Kxg6 Kd7 67. Kf6 Bd5 68. Be3 Ke8 69. e6 Bb7 70. Bc5 Bg2 71. Ke5 Bb7 72. Kd6 Kd8 73. e7+ Ke8 74. Kc7 Be4 75.
b7 Bxb7 76. Kxb7 Kd7 77. Bb4 1-0

[Event "SS Manhem Chess Week 2022: Goteborg Open"]
[Site "Schackcentrum, Vegagatan 20, Gothenburg, Sweden"]
[Date "2022.08.14"]
[Round "7.11"]
[White "Mohammed, Safian Haj"]
[Black "Shchetinin, Oleg"]
[Result "1-0"]
[TimeControl "15 minutes + 5 seconds per move from move one (Round 1 - 4) / 90 minutes + 30 seconds per move from move one (Round 5 - 8)"]
[WhiteFideId "1729276"]
[BlackFideId "1740210"]
[WhiteElo "1794"]
[BlackElo "1643"]

1. e4 Nf6 2. e5 Nd5 3. c4 Nb6 4. d4 d6 5. f4 dxe5 6. fxe5 e6 7. Be3 Be7 8. Nf3 O-O 9. Nc3 Bh4+ 10.
Nxh4 Qxh4+ 11. Bf2 Qg5 12. h4 Qe7 13. Bd3 Rd8 14. Qh5 g6 15. Qh6 Qf8 16. Qf4 Nc6 17. h5 Ne7 18. Ne4 Qg7 19.
Nf6+ Kf8 20. hxg6 Nxg6 21. Bxg6 Qxg6 22. Rxh7 Nd7 23. Rh6 Qf5 24. Qh4 Nxf6 25. exf6 Ke8 26. O-O-O c6 27. Rh5 Qg6 28. Rg5 1-0

[Event "SS Manhem Chess Week 2022: Goteborg Open"]
[Site "Schackcentrum, Vegagatan 20, Gothenburg, Sweden"]
[Date "2022.08.14"]
[Round "7.12"]
[White "Wickstrom, Lars"]
[Black "Persson, Sebastian"]
[Result "1-0"]
[TimeControl "15 minutes + 5 seconds per move from move one (Round 1 - 4) / 90 minutes + 30 seconds per move from move one (Round 5 - 8)"]
[WhiteFideId "1770837"]
[BlackFideId "1764187"]
[WhiteElo "1753"]
[BlackElo "1631"]

1. e4 c6 2. Nc3 d5 3. Nf3 dxe4 4. Nxe4 Nf6 5. Qe2 Nxe4 6. Qxe4 Qd5 7. Qxd5 cxd5 8. d4 g6 9. Bf4 Bg7 10.
O-O-O O-O 11. h3 Bf5 12. Nh4 Bd7 13. g4 Bc6 14. Nf3 Nd7 15. Rg1 f6 16. Be3 Rae8 17. g5 e5 18. gxf6 Bxf6 19.
dxe5 Nxe5 20. Nd4 Bh4 21. Nxc6 bxc6 22. Bxa7 Ra8 23. Bc5 Rf7 24. Kb1 Bxf2 25. Bxf2 Rxf2 26. Rg2 Rf3 27. Re2 Nc4 28.
Bg2 Rg3 29. Rd3 Rg5 30. b3 Na3+ 31. Kb2 h5 32. Rc3 Nb5 33. Rc5 Rf8 34. a4 Na7 35. c4 Rb8 36. cxd5 cxd5 37. Rc7 Ra8 38.
Rd7 1-0

[Event "SS Manhem Chess Week 2022: Goteborg Open"]
[Site "Schackcentrum, Vegagatan 20, Gothenburg, Sweden"]
[Date "2022.08.14"]
[Round "7.15"]
[White "Ghaderi, Noan"]
[Black "Kosmidis, Thomas"]
[Result "0-1"]
[TimeControl "15 minutes + 5 seconds per move from move one (Round 1 - 4) / 90 minutes + 30 seconds per move from move one (Round 5 - 8)"]
[WhiteFideId "1747096"]
[BlackFideId "1753380"]
[WhiteElo "1367"]
[BlackElo "1673"]

1. d4 Nf6 2. c4 e6 3. Bg5 d5 4. e3 Nbd7 5. Nf3 c6 6. Bd3 Bb4+ 7. Nbd2 dxc4 8. Bxc4 O-O 9. O-O b6 10.
Ne4 Be7 11. Nxf6+ Bxf6 12. Bxf6 Qxf6 13. Qc2 Bb7 14. Bd3 h6 15. Nd2 Qe7 16. Be4 Nf6 17. Bf3 Rac8 18. Rac1 c5 19. Bxb7 Qxb7 20.
dxc5 Rxc5 21. Qa4 Rg5 22. f3 Nd5 23. Kf2 b5 24. Qb3 a5 25. Rc5 Rb8 26. Ne4 a4 27. Qa3 Rg6 28. b4 axb3 29. Qxb3 Qa7 30. Rfc1 Ra8 31. Rc8+ Rxc8 32. Rxc8+ Kh7 33.
h4 Nxe3 34. Rc5 f5 35. h5 Rxg2+ 36. Kxe3 fxe4 0-1

[Event "SS Manhem Chess Week 2022: Goteborg Open"]
[Site "Schackcentrum, Vegagatan 20, Gothenburg, Sweden"]
[Date "2022.08.14"]
[Round "7.16"]
[White "Karlsson, Stefan"]
[Black "Andreasson, Henrik"]
[Result "1-0"]
[TimeControl "15 minutes + 5 seconds per move from move one (Round 1 - 4) / 90 minutes + 30 seconds per move from move one (Round 5 - 8)"]
[WhiteFideId "1771183"]
[BlackFideId "1766082"]
[WhiteElo "1560"]
[BlackElo "1126"]

1. e4 c5 2. Nf3 d6 3. c3 Nc6 4. d4 cxd4 5. cxd4 Bg4 6. d5 Bxf3 7. Qxf3 Nd4 8. Qc3 Rc8 9. Qxd4 Rxc1+ 10. Kd2 Rxf1 11. Rxf1 Qa5+ 12. Nc3 Nf6 13. Qc4 Kd8 14. f4 g6 15. e5 dxe5 16. fxe5 Bh6+ 17. Kc2 Nd7 18. d6 Nxe5 19.
dxe7+ Kxe7 20. Qh4+ f6 21. Qxf6+ Kd7 22. Rad1+ Kc7 23. Nd5+ 1-0

[Event "SS Manhem Chess Week 2022: Goteborg Open"]
[Site "Schackcentrum, Vegagatan 20, Gothenburg, Sweden"]
[Date "2022.08.14"]
[Round "7.18"]
[White "Jonbrink, Per-Olof"]
[Black "Torres, Lucas"]
[Result "0-1"]
[TimeControl "15 minutes + 5 seconds per move from move one (Round 1 - 4) / 90 minutes + 30 seconds per move from move one (Round 5 - 8)"]
[WhiteFideId "1720163"]
[BlackFideId "1769464"]
[WhiteElo "1728"]
[BlackElo "1331"]

1. e4 e5 2. Nf3 Nc6 3. d4 exd4 4. Bc4 Nf6 5. e5 d5 6. Bb5 Ne4 7. Nxd4 Bc5 8. O-O Bd7 9. Bxc6 bxc6 10.
f3 Ng5 11. f4 Ne6 12. Be3 Bxd4 13. Bxd4 c5 14. Bf2 Bb5 15. Re1 Nxf4 16. Nc3 Bc6 17. Bxc5 d4 18. Ne4 Ne6 19. Ba3 Qd5 20.
c4 Qxc4 21. Rc1 Qd5 22. Qc2 Bb7 23. Qd2 d3 24. Qb4 Qd4+ 25. Qxd4 Nxd4 26. Rcd1 Ne2+ 0-1

[Event "SS Manhem Chess Week 2022: Goteborg Open"]
[Site "Schackcentrum, Vegagatan 20, Gothenburg, Sweden"]
[Date "2022.08.14"]
[Round "7.19"]
[White "Al Saab, Ranny"]
[Black "Hammar, Arvid"]
[Result "1-0"]
[TimeControl "15 minutes + 5 seconds per move from move one (Round 1 - 4) / 90 minutes + 30 seconds per move from move one (Round 5 - 8)"]
[WhiteFideId "1768360"]
[BlackFideId "1735977"]
[WhiteElo "1516"]
[BlackElo "1384"]

1. e4 e5 2. Nf3 Nc6 3. Bc4 Nf6 4.
d3 d6 5.
Bg5 Be7 6. h3 Be6 7. Bb3 Qd7 8. Nc3 O-O-O 9. Nd5 Bxd5 10. exd5 Nd4 11. c3 Nf5 12. Ba4 b5 13. Bb3 h6 14. Bxf6 Bxf6 15. a4 a6 16. axb5 axb5 17. c4 Nd4 18. Nxd4 exd4 19. O-O Qf5 20.
Ra5 bxc4 21. Bxc4 c5 22. Ra7 Rd7 23. Ra8+ Kc7 24. Rxh8 Bd8 25. Qa4 Kb8 26. Qb5+ Ka7 27. Ra1+ Ba5 28. Rxa5# 1-0

[Event "SS Manhem Chess Week 2022: Goteborg Open"]
[Site "Schackcentrum, Vegagatan 20, Gothenburg, Sweden"]
[Date "2022.08.14"]
[Round "8.2"]
[White "Heimisson, Hilmir Freyr"]
[Black "Rasti, Arvin"]
[Result "1-0"]
[TimeControl "15 minutes + 5 seconds per move from move one (Round 1 - 4) / 90 minutes + 30 seconds per move from move one (Round 5 - 8)"]
[WhiteTitle "IM"]
[WhiteFideId "2309998"]
[BlackFideId "1741160"]
[WhiteElo "2323"]
[BlackElo "2156"]

1. c4 e6 2. Nc3 d5 3. d4 Bb4 4. a3 Be7 5. cxd5 exd5 6. Bf4 c6 7. Qc2 Bd6 8. Nxd5 Be6 9. Bxd6 Qxd6 10.
Nc3 Qxd4 11. Rd1 Qc4 12. e3 Qb3 13. Qd2 Nd7 14. Nf3 O-O-O 15. Nd4 Qb6 16. Nxe6 fxe6 17. Bc4 e5 18. O-O Ngf6 19.
b4 Qc7 20. Qc2 Nb6 21. Be2 Rxd1 22. Rxd1 Nbd5 23. Na4 Ne7 24. Nc5 Rd8 25. Ne6 Rxd1+ 26. Bxd1 Qd7 27. Nxg7 e4 28. Nh5 Nxh5 29.
Bxh5 Qf5 30. Qd1 Kc7 31. Bg4 Qd5 32. Qa1 h5 33. Be2 c5 34. Qg7 Qd6 35. Qc3 Nd5 36. Qc2 Nf6 37. bxc5 Qe5 38.
Qc1 Ng4 39. g3 Qf5 40. Bxg4 Qxg4 41. h4 Qf3 42. Qd2 Qf6 43. Qa5+ Kb8 44. Qb4 1-0

[Event "SS Manhem Chess Week 2022: Goteborg Open"]
[Site "Schackcentrum, Vegagatan 20, Gothenburg, Sweden"]
[Date "2022.08.14"]
[Round "8.4"]
[White "Wahlstrom, Lennart"]
[Black "Johansson, William"]
[Result "0-1"]
[TimeControl "15 minutes + 5 seconds per move from move one (Round 1 - 4) / 90 minutes + 30 seconds per move from move one (Round 5 - 8)"]
[WhiteFideId "1706829"]
[BlackFideId "1744070"]
[WhiteElo "2115"]
[BlackElo "2015"]

1. e4 d6 2. d4 Nf6 3. Nc3 Nbd7 4. Nf3 e5 5. Be2 Be7 6. O-O c6 7. a4 Qc7 8. a5 Nf8 9. h3 h6 10.
Be3 g5 11. Nh2 Ne6 12. dxe5 dxe5 13. Ng4 Nd7 14. Bc4 Nf4 15. Bxf4 gxf4 16. Qe2 Nc5 17. Nh2 Ne6 18. Qh5 Ng5 19.
Nf3 Bf6 20. Rfd1 Be6 21. Bxe6 Nxe6 22. Rd2 Ng7 23. Rdd1 Ne6 24. Qf5 0-1